 Dungeon Crawl Stone Soup version 0.26.0-57-g60708a5e39 (webtiles) character file.

Game seed: 4283641550910808600

350 DearestLeader the Chopper (level 6, -2/52 HPs)
             Began as a Minotaur Fighter on Feb 2, 2021.
             Slain by an ufetubus (4 damage)
             ... on level 5 of the Dungeon.
             The game lasted 00:05:03 (3618 turns).

DearestLeader the Chopper (Minotaur Fighter)        Turns: 3618, Time: 00:05:04

Health: -2/52      AC: 16    Str: 23    XL:     6   Next: 33%
Magic:  5/5        EV:  6    Int:  5    God:
Gold:   234        SH:  6    Dex:  9    Spells: 5/5 levels left

rFire    . . .     SeeInvis .   a - +0 war axe
rCold    . . .     Faith    .   w - +2 buckler {AC+3}
rNeg     . . .     Spirit   .   s - +0 plate armour
rPois    .         Reflect  .   (helmet restricted)
rElec    .         Harm     .   (no cloak)
rCorr    .         Rampage  .   j - +0 pair of gloves
Will     .....     Rnd*Tele +   (no boots)
Stlth    ..........             (no amulet)
HPRegen  0.17/turn              b - ring of teleportation (curse)
MPRegen  0.09/turn              x - +4 ring of slaying

@: no status effects
A: retaliatory headbutt, horns 2
a: no special abilities


You were on level 5 of the Dungeon.
You visited 2 branches of the dungeon, and saw 6 of its levels.

You collected 234 gold pieces.

Inventory:

Hand Weapons
 a - a +0 war axe (weapon)
 m - a +0 bardiche
Missiles
 p - 6 curare-tipped darts (quivered)
Armour
 c - a +0 kite shield
 j - a +0 pair of gloves (worn)
 s - a +0 plate armour (worn)
 w - a +2 buckler of protection (worn)
Jewellery
 b - a cursed ring of teleportation (left hand)
 i - an uncursed ring of flight
 x - a +4 ring of slaying (right hand)
Scrolls
 e - 3 scrolls of amnesia
 f - 4 scrolls of remove curse {unknown}
 g - 2 scrolls of magic mapping {unknown}
 k - a scroll of fear {unknown}
 n - a scroll of fog {unknown}
 t - a scroll of noise {unknown}
 u - 2 scrolls of enchant weapon {unknown}
 v - a scroll of immolation {unknown}
 z - a scroll of blinking {unknown}
Potions
 d - 2 potions of might
 h - 4 potions of haste
 l - 2 potions of mutation
 o - 2 potions of curing
 q - 2 potions of invisibility
 r - a potion of resistance {unknown}


   Skills:
 - Level 4.0 Fighting
 * Level 6.5 Axes
 + Level 5.6 Armour
 - Level 4.0 Shields


You had 5 spell levels left.
You didn't know any spells.
Your spell library was empty.

Dungeon Overview and Level Annotations

Branches:
Dungeon (5/15)             Temple (1/1) D:4

Altars:
Ashenzari
Dithmenos
Elyvilon
Fedhas
Gozag
Hepliaklqana
Makhleb
Qazlal
Ru
Sif Muna
Uskayaw
Vehumet
Wu Jian
Xom
Zin
The Shining One


Innate Abilities, Weirdness & Mutations

You reflexively headbutt those who attack you in melee.
You have a pair of horns on your head.


Message History

You feel sick.
You feel sick.
You feel sick.
You feel sick.
You feel sick.
You feel sick.
You feel sick.
You feel sick.
You feel sick.
You are no longer poisoned.
You feel strangely unstable.
You are suddenly yanked towards a nearby monster!
Your surroundings suddenly seem different.
An ufetubus comes into view.
The ufetubus hits you.
* * * LOW HITPOINT WARNING * * *
You block the ufetubus's attack.
You closely miss the ufetubus. You block the ufetubus's attack. x2
The ufetubus hits you.
You die...

#.##..
#..... .#
#....#
...##....#
...#...#
.....#
#...##
#@..#
#...5##
....##..#
#..## .###
#. ##>## #
#...#
#.8.#
#...#
##.#####


You could see an ufetubus.

Vanquished Creatures
  Duvessa (D:5)
  An ogre (D:5)
  Dowan (D:5)
  An iguana (D:4)
  A worker ant (D:3)
  An adder (D:3)
  An adder skeleton (D:4)
  A worm (D:3)
  4 leopard geckos (D:1)
  6 goblins
  8 hobgoblins
  2 quokkas
  3 bats
  A frilled lizard (D:2)
  2 kobolds
  A leopard gecko skeleton (D:4)
  6 rats
41 creatures vanquished.

Notes
Turn   | Place    | Note
-------+----------+-------------------------------------------
     0 | D:1      | DearestLeader the Minotaur Fighter began the quest for the
                  | Orb.
     0 | D:1      | Reached XP level 1. HP: 19/19 MP: 0/0
   198 | D:1      | Reached XP level 2. HP: 26/26 MP: 1/1
   448 | D:1      | Reached skill level 3 in Axes
  1274 | D:2      | Reached XP level 3. HP: 30/33 MP: 2/2
  2117 | D:3      | Reached skill level 4 in Axes
  2143 | D:3      | Reached XP level 4. HP: 39/40 MP: 3/3
  2824 | D:4      | Found a staircase to the Ecumenical Temple.
  2833 | Temple   | Entered the Ecumenical Temple
  2955 | D:4      | Found a shadowy altar of Dithmenos.
  2965 | D:4      | Found a white marble altar of Elyvilon.
  3418 | D:5      | Entered Level 5 of the Dungeon
  3494 | D:5      | Noticed an ogre
  3498 | D:5      | Killed an ogre
  3499 | D:5      | Reached skill level 5 in Axes
  3499 | D:5      | Reached skill level 5 in Armour
  3499 | D:5      | Reached XP level 5. HP: 46/46 MP: 4/4
  3535 | D:5      | Noticed Duvessa
  3536 | D:5      | Noticed Dowan
  3547 | D:5      | Killed Duvessa
  3548 | D:5      | Reached skill level 6 in Axes
  3548 | D:5      | Reached XP level 6. HP: 47/52 MP: 5/5
  3552 | D:5      | Killed Dowan
  3617 | D:5      | HP: 2/52 [ufetubus (4)]
  3618 | D:5      | Slain by an ufetubus

Illustrated notes

Levels and vault maps discovered:
D:1:      matt_arrival_los_fun, layout_loops_corners
D:2:      layout_loops_ring
D:3:      layout_basic
D:4:      layout_gridville, minitemple, minmay_temple_entry_overgrown,
          minmay_misc_feat_x, chequers_serial_rivers_micro_a
D:5:      layout_layer_cave, nemelex_xobeh_ov_fountains_minmay,
          grunt_ministairs_5, uniq_grinder, uniq_duvessa
Temple:   zaba_magenta_temple

Skill      XL: |  1  2  3  4  5 |
---------------+----------------+-----
Axes           | 3 4 5 6 |  6.5
Armour         | 4 5 |  5.6
Shields        | 4 |  4.0
Fighting       | 4 |  4.0

Action                   |  1- 3 |  4- 6 || total
-------------------------+-------+-------++-------
Melee: War axe           |    92 |    29 ||   121
       Headbutt          |    19 |     3 ||    22
  Use: Scroll            |       |     5 ||     5
Armor: Scale mail        |    22 |       ||    22
       Plate armour      |    24 |    20 ||    44
Dodge: Dodged            |    13 |     4 ||    17
Block: Kite shield       |    39 |     2 ||    41
       Buckler           |       |    12 ||    12
